Map: Whirlwind LE (Void)

Players

Fropez - Winner!

  • Race: Protoss Protoss
  • League: Gold
  • Spawn Location: 7:00

Ogsmoif

  • Race: Zerg Zerg
  • League: Gold
  • Spawn Location: 1:00

VOD

Have the link to the VOD?

Description

Time

  • Played on: Jan. 12, 2017, 5:39 p.m.
  • Length: 14:42
Show
View Real Time Build Order
Export as new Build Order

Fropez Protoss - Winner!

Build Orders: 1 Gate Expand 

Get SALT Encoding   

  12  0:01  Probe (Chrono Boost)  
  13  0:11  Probe (Chrono Boost)  
  14  0:23  Pylon  
  14  0:28  Pylon  
  14  0:29  Probe (Chrono Boost)  
  15  0:46  Probe (Chrono Boost)  
  16  0:50  Gateway  
  16  0:57  Probe (Chrono Boost)  
  16  0:58  Assimilator  
  17  1:13  Probe (Chrono Boost)  
  18  1:32  Nexus  
  18  1:36  Pylon  
  18  1:41  Cybernetics Core  
  18  1:44  Probe (Chrono Boost)  
  19  1:54  Probe (Chrono Boost)  
  20  2:06  Warp Gate  
  20  2:07  Gateway  
  20  2:15  Pylon  
  20  2:16  Probe (Chrono Boost)  
  21  2:27  Assimilator  
  21  2:28  Probe (Chrono Boost)  
  22  2:30  Adept  
  24  2:38  Assimilator  
  24  2:40  Probe (Chrono Boost)  
  26  2:52  Probe (Chrono Boost)  
  26  2:53  Probe (Chrono Boost)  
  26  2:55  Adept  
  26  2:57  Adept  
  31  3:02  Probe (Chrono Boost)  
  32  3:08  Probe (Chrono Boost)  
  33  3:14  Mothership Core (Chrono Boost)  
  35  3:30  Adept  
  37  3:35  Gateway  
  37  3:41  Gateway  
  37  3:43  Probe (Chrono Boost)  
  37  3:44  Probe (Chrono Boost)  
  39  3:53  Probe (Chrono Boost)  
  41  3:56  Probe (Chrono Boost)  
  41  3:58  Assimilator  
  41  4:04  Probe (Chrono Boost)  
  41  4:08  Probe (Chrono Boost)  
  43  4:12  Adept  
  43  4:13  Adept  
  43  4:14  Probe (Chrono Boost)  
  48  4:20  Pylon  
  48  4:27  Probe (Chrono Boost)  
  48  4:28  Probe (Chrono Boost)  
  50  4:40  Adept  
  50  4:41  Adept x2  
  56  4:49  Probe (Chrono Boost)  
  56  4:50  Probe (Chrono Boost)  
  54  4:55  Pylon  
  54  4:59  Probe (Chrono Boost)  
  53  5:02  Probe (Chrono Boost)  
  54  5:08  Adept x4  
  54  5:13  Probe (Chrono Boost)  
  63  5:14  Twilight Council  
  63  5:20  Pylon  
  64  5:21  Probe (Chrono Boost)  
  64  5:24  Probe (Chrono Boost)  
  64  5:25  Pylon  
  65  5:29  Sentry x2  
  69  5:39  Pylon  
  69  5:41  Resonating Glaives  
  69  5:46  Sentry x2  
  73  5:52  Probe (Chrono Boost)  
  73  5:53  Probe (Chrono Boost)  
  75  5:59  Robotics Facility  
  75  6:02  Probe (Chrono Boost)  
  77  6:05  Probe (Chrono Boost)  
  77  6:13  Probe (Chrono Boost)  
  77  6:18  Probe (Chrono Boost)  
  79  6:23  Probe (Chrono Boost)  
  80  6:26  Adept x2  
  80  6:27  Adept x2, Gateway  
  80  6:30  Probe (Chrono Boost)  
  87  6:50  Stalker x4  
  93  7:01  Pylon  
  93  7:05  Warp Prism  
  93  7:07  Pylon  
  89  7:14  Forge, Probe (Chrono Boost)  
  80  7:18  Forge  
  80  7:24  Stalker x2  
  80  7:25  Stalker x3  
  90  7:38  Probe (Chrono Boost)  
  90  7:40  Probe (Chrono Boost)  
  91  7:52  Probe (Chrono Boost)  
  71  8:06  Stalker  
  71  8:07  Stalker x4  
  81  8:39  Probe (Chrono Boost), Stalker x5  
  81  8:40  Nexus  
  92  8:42  Pylon  
  92  8:44  Protoss Ground Weapons Level 1, Protoss Ground Armor Level 1  
  92  8:46  Pylon  
  92  8:52  Photon Cannon  
  92  8:53  Photon Cannon  
  92  8:55  Photon Cannon  
  92  8:57  Observer  
  92  9:01  Blink  
  93  9:04  Assimilator  
  93  9:10  Assimilator  
  93  9:22  Dark Shrine  
  91  9:25  Stalker  
  91  9:26  Stalker x4  
  93  9:38  Pylon  
  87  9:40  Pylon  
  87  9:41  Observer  
  72  9:54  Adept x5  
  78  10:03  Probe (Chrono Boost)  
  78  10:04  Probe (Chrono Boost)  
  81  10:15  Adept x2, Probe (Chrono Boost)  
  81  10:16  Adept x3  
  91  10:31  Protoss Ground Weapons Level 2  
  91  10:43  Shadow Stride  
  91  10:46  Protoss Ground Armor Level 2  
  85  10:55  Dark Templar x5  
  91  11:07  Probe x2 (Chrono Boost)  
  93  11:14  Gateway  
  93  11:19  Gateway  
  93  11:25  Photon Cannon  
  93  11:26  Photon Cannon  
  93  11:27  Photon Cannon  
  93  11:33  Photon Cannon  
  93  11:35  Photon Cannon  
  93  11:37  Photon Cannon  
  93  11:42  Stalker x3  
  93  11:43  Stalker  
  101  11:47  Pylon  
  101  11:48  Pylon  
  101  11:52  Pylon  
  101  11:59  Pylon  
  100  12:16  Stalker x5  
  109  12:46  Gateway  
  109  12:48  Gateway  
  109  12:49  Gateway  
  109  12:50  Dark Templar x4  
  109  12:51  Dark Templar x2  
  106  13:27  Photon Cannon  
  106  13:34  Adept x3  
  106  13:35  Adept x4, Gateway  
  118  14:01  Pylon  
  104  14:14  Dark Templar x4  
  94  14:26  Probe x2 (Chrono Boost)  
Show
View Real Time Build Order
Export as new Build Order

Ogsmoif Zerg 

Build Orders: Hatch First 

Get SALT Encoding   

  12  0:01  Drone  
  13  0:09  Drone  
  14  0:16  Extractor  
  14  0:18  Overlord  
  14  0:37  Drone x3  
  17  0:57  Drone, Hatchery  
  17  1:13  Spawning Pool  
  17  1:14  Drone  
  17  1:18  Extractor  
  16  1:24  Drone  
  17  1:27  Drone  
  18  1:33  Drone  
  19  1:41  Overlord  
  19  2:06  Queen  
  21  2:10  Queen  
  21  2:12  Zergling x4  
  21  2:13  Zergling x2  
  26  2:18  Drone  
  27  2:23  Metabolic Boost  
  27  2:26  Drone  
  27  2:27  Drone  
  29  2:41  Drone x2  
  31  2:54  Drone x3  
  34  2:59  Pneumatized Carapace  
  34  3:01  Drone  
  35  3:09  Overlord x2  
  34  3:17  Drone  
  35  3:27  Queen  
  35  3:28  Drone x4  
  35  3:29  Drone x3  
  43  3:46  Lair  
  43  3:49  Hatchery  
  43  3:54  Extractor  
  41  4:02  Roach Warren  
  40  4:04  Evolution Chamber x2, Zergling x6  
  40  4:43  Roach x5  
  40  4:44  Overlord, Roach  
  40  4:45  Overlord x4  
  49  5:01  Drone  
  49  5:02  Drone x6  
  56  5:11  Zerg Missile Weapons Level 1  
  56  5:12  Zerg Ground Armor Level 1  
  60  5:21  Roach x2  
  60  5:23  Zergling x6  
  63  5:34  Spore Crawler  
  63  5:35  Drone x2  
  64  5:37  Drone  
  64  5:38  Drone  
  66  5:42  Spore Crawler  
  66  5:44  Drone x3  
  68  5:58  Spore Crawler  
  68  5:59  Roach  
  68  6:00  Roach x5  
  68  6:01  Zergling x2  
  80  6:17  Roach x3  
  80  6:18  Roach x3  
  92  6:26  Roach x2  
  92  6:27  Zergling x2  
  92  6:28  Overlord x2  
  92  7:02  Queen  
  90  7:19  Drone  
  90  7:20  Drone  
  90  7:21  Drone x7  
  99  7:33  Roach  
  99  7:34  Roach x2  
  105  7:40  Hydralisk Den  
  105  7:41  Zerg Missile Weapons Level 2  
  94  7:58  Overseer x2  
  84  8:21  Hydralisk  
  84  8:22  Hydralisk x2  
  90  8:27  Hydralisk  
  90  8:29  Zergling x16  
  90  8:30  Zergling x8  
  104  8:45  Extractor  
  103  8:53  Muscular Augments  
  103  8:56  Zergling x6  
  103  8:57  Zergling x14  
  103  8:58  Zergling x2  
  103  8:59  Overlord x2  
  92  9:32  Overlord x8  
  92  9:33  Overlord  
  92  9:36  Zergling x8  
  92  9:37  Zergling x2  
  66  9:53  Zergling x10  
  66  9:54  Zergling x14  
  66  9:58  Hydralisk  
  74  10:08  Extractor, Drone x3  
  74  10:12  Extractor  
  56  10:52  Queen  
  58  10:57  Hydralisk x3  
  58  10:58  Hydralisk x8  
  58  10:59  Hydralisk x3  
  86  11:05  Zergling x2  
  86  11:09  Queen  
  89  11:15  Overseer x2  
  89  11:23  Roach x5  
  89  11:24  Roach x3  
  105  11:43  Roach  
  105  11:44  Hydralisk x7  
  121  11:50  Drone x2  
  123  12:02  Hydralisk x3  
  129  12:16  Hydralisk x4  
  129  12:17  Hydralisk x3  
  129  12:19  Zergling x6  
  146  12:28  Zergling x4  
  146  12:29  Zergling x2  
  149  12:37  Drone x2  
  149  12:38  Overlord  
  148  13:20  Hatchery  
  147  13:53  Zergling x14  
  147  13:54  Zergling x14  
  147  13:55  Zergling x4  
  144  14:16  Zergling x10  
  144  14:17  Zergling x2  
Tags
 
Add a new tag
Caveats
  • Supply blocks, unpowered buildings, or Contaminate may cause inaccurate times.
  • Supply counts are checked every 10 seconds.